 Dungeon Crawl Stone Soup version 0.19.4-12-gccf7e64 (console) character file.

111 Grinner the Ruffian (level 4, 0/44 HPs)
             Began as a Troll Monk on Feb 27, 2017.
             Slain by a gnoll
             ... wielding a +0 whip
              (8 damage)
             ... on level 3 of the Dungeon.
             The game lasted 00:03:00 (1778 turns).

Grinner the Ruffian (Troll Monk)                    Turns: 1778, Time: 00:03:01

Health: 0/44       AC:  5    Str: 19    XL:     4   Next: 62%
Magic:  3/3        EV: 10    Int:  6    God:
Gold:   135        SH:  0    Dex: 13    Spells: 0 memorised, 3 levels left

rFire  + . .     SeeInvis .       - Unarmed
rCold  x . .     Gourm    +     a - +0 robe
rNeg   . . .     Faith    .     (no shield)
rPois  .         Spirit   .     (helmet restricted)
rElec  .         Reflect  .     (no cloak)
rCorr  .         Harm     +     (gloves unavailable)
MR     .....                    (boots unavailable)
Stlth  ++........               n - amulet of harm
                                (no ring)
                                h - ring of fire

@: no status effects
A: unfitting armour, claws 3, fast metabolism 3, gourmand, regeneration 1,
shaggy fur 1, tough skin 2
a: no special abilities


You were on level 3 of the Dungeon.
You were very full.

You visited 1 branch of the dungeon, and saw 3 of its levels.

You collected 135 gold pieces.

Inventory:

Armour
 a - a +0 robe (worn)
Jewellery
 h - a ring of fire (left claw)
 n - an amulet of harm (around neck)
Scrolls
 e - 3 scrolls of identify {unknown}
 g - a scroll of remove curse {unknown}
 i - a scroll of teleportation {unknown}
 k - 2 scrolls of fear {unknown}
 o - a scroll of magic mapping {unknown}
Potions
 d - 2 potions of flight {unknown}
 j - a potion of heal wounds {unknown}
 l - 2 potions of degeneration {unknown}
 m - a potion of might {unknown}
 p - a potion of cancellation {unknown}
Comestibles
 b - 5 bread rations
 c - a beef jerky
 f - 6 fruits


   Skills:
 - Level 2.4 Fighting
 - Level 2.4 Dodging
 - Level 1.0 Stealth
 + Level 5.4 Unarmed Combat


You had 3 spell levels left.
You didn't know any spells.

Dungeon Overview and Level Annotations

Branches:
Dungeon (3/15)

Altars:


Innate Abilities, Weirdness & Mutations

You are too large for most types of armour.
You have claws for hands.
Your metabolism is lightning-fast.
You like to eat raw meat.
Your natural rate of healing is unusually fast.
You are covered in fur. (AC +1)
You have very tough skin. (AC +2)


Message History

The gnoll freezes you. The gnoll hits you.
You see here a hobgoblin corpse.
You claw the gnoll!
You kill the gnoll!
The gnoll misses you. The gnoll hits you with a whip.
You barely miss the gnoll. The gnoll hits you! The gnoll hits you with a whip.
* * * LOW HITPOINT WARNING * * *
You are too injured to fight recklessly!
You barely miss the gnoll. The gnoll hits you.
* * * LOW HITPOINT WARNING * * *
The gnoll misses you.
You scratch the gnoll but do no damage. The gnoll closely misses you.
You claw the gnoll!
You kill the gnoll!
The gnoll barely misses you.
You scratch the gnoll but do no damage. The gnoll hits you but does no damage.
You scratch the gnoll.
The gnoll is heavily wounded.
The gnoll hits you with a whip!
You die...

.....#................'..........
............##.....####....####..
....##......##.....# ###### #..
....##......##.....# #..
....##......##.....# . #..
....##......##.....# ... #..
....##......##.....#(... #..
....##......##.....'.... ##
....##########..@..#.... ....#
#.).g.#.... #............
............... ...............
##............. #.............
#.............


You could see a gnoll.

Vanquished Creatures
  An orc wizard (D:3)
  2 gnolls (D:3)
  2 adders (D:2)
  A dart slug (D:1)
  4 orcs (D:3)
  3 giant cockroaches
  A goblin (D:2)
  8 hobgoblins
  A quokka (D:2)
  3 bats
  5 frilled lizards
  8 kobolds
  6 rats
45 creatures vanquished.

Notes
Turn   | Place    | Note
-------+----------+-------------------------------------------
     0 | D:1      | Grinner the Troll Monk began the quest for the Orb.
     0 | D:1      | Reached XP level 1. HP: 22/22 MP: 0/0
   245 | D:1      | Reached XP level 2. HP: 29/29 MP: 1/1
  1011 | D:2      | Reached skill level 4 in Unarmed Combat
  1286 | D:2      | Reached XP level 3. HP: 32/36 MP: 2/2
  1688 | D:3      | Reached skill level 5 in Unarmed Combat
  1688 | D:3      | Reached XP level 4. HP: 30/44 MP: 3/3
  1778 | D:3      | Slain by a gnoll

Skill      XL: |  1  2  3 |
---------------+----------+-----
Unarmed Combat | 4 5 |  5.4
Fighting       | |  2.4
Dodging        | |  2.4
Stealth        | |  1.0

Action                   |  1- 3 |  4- 6 || total
-------------------------+-------+-------++-------
Melee: Unarmed           |   101 |    21 ||   122
 Stab: Sleeping          |     5 |       ||     5
  Eat: Chunk             |    11 |     7 ||    18
       Beef jerky        |     1 |       ||     1
Armor: Robe              |    40 |    11 ||    51
Dodge: Dodged            |    51 |    19 ||    70
